 Dungeon Crawl Stone Soup version 0.22.1-2-g9c5b331 (webtiles) character file.

264354 Malhgor the Warrior (level 19, -6/181 HPs)
             Began as a Minotaur Fighter on Nov 25, 2018.
             Was the Champion of Okawaru.
             Killed from afar by a Hell Sentinel (41 damage)
             ... with damnation
             ... summoned by a deep elf demonologist
             ... led by an ironheart preserver
             ... on level 2 of the Vaults on Dec 1, 2018.
             The game lasted 05:10:20 (38245 turns).

Malhgor the Warrior (Minotaur Fighter)             Turns: 38245, Time: 05:10:20

Health: -6/181     AC: 28    Str: 24    XL:     19   Next: 27%
Magic:  22/22      EV: 18    Int: 17    God:    Okawaru [******]
Gold:   2938       SH: 18    Dex: 21    Spells: 18/18 levels left

rFire    . . .     SeeInvis +   a - +1 eveningstar "Raaseh" {freeze, -Tele rC++ Dex+4}
rCold    + + +     Gourm    +   C - +3 shield {reflect}
rNeg     . . .     Faith    .   W - +2 plate armour {rC+}
rPois    +         Spirit   .   r - +2 hat {MR+}
rElec    .         Reflect  +   v - +2 cloak {MR+}
rCorr    .         Harm     .   O - -1 pair of gloves "Faufifo" {Regen+}
MR       +++..     NoTele   +   c - +1 pair of boots {Fly}
Stlth    ..........             I - amulet of the gourmand
HPRegen  0.80/turn              m - ring "Ficyvo" {Ice rPois Int+4 SInv}
MPRegen  0.18/turn              i - ring "Fusyss" {rF+ Str+3 Int+7}

@: flying, drained
A: retaliatory headbutt, horns 2
}: 2/15 runes: decaying, serpentine
a: Heroism, Finesse, Renounce Religion, Stop Flying


You were on level 2 of the Vaults.
You worshipped Okawaru.
Okawaru was exalted by your worship.
You were completely stuffed.

You visited 7 branches of the dungeon, and saw 35 of its levels.
You also visited: Labyrinth and Ice Cave.

You collected 3356 gold pieces.
You spent 418 gold pieces at shops.

Inventory:

Hand Weapons
 a - the +1 eveningstar "Raaseh" (weapon) {freeze, -Tele rC++ Dex+4}
   (Okawaru gifted it to you on level 1 of the Lair of Beasts)

   It has been specially enchanted to freeze those struck by it, causing extra
   injury to most foes and up to half again as much damage against particularly
   susceptible opponents.
   It can also slow down cold-blooded creatures.
   It affects your dexterity (+4).
   It greatly protects you from cold.
   It prevents most forms of teleportation.
 b - the +10 morningstar of Cycvus {drain, +Inv rC+ Dex-2 Stlth+}
   (Okawaru gifted it to you on level 13 of the Dungeon)

   A truly terrible weapon, it drains the life of those it strikes.
   It affects your dexterity (-2).
   It protects you from cold.
   It lets you turn invisible.
   It makes you more stealthy.
Missiles
 d - 13 tomahawks
 l - 5 javelins of penetration
 o - 3 javelins
 B - 6 steel tomahawks
 D - 5 tomahawks of returning
 G - 2 javelins of returning
 P - 8 steel javelins (quivered)
 V - 2 throwing nets
 Z - 2 exploding tomahawks
Armour
 c - a +1 pair of boots of flying (worn)
 k - a +2 pair of boots of stealth
 r - a +2 hat of magic resistance (worn)
 v - a +2 cloak of magic resistance (worn)
 C - a +3 shield of reflection (worn)
 J - a +2 large shield
 L - a scarf of cloud immunity
 O - the -1 pair of gloves "Faufifo" (worn) {Regen+}
   (Okawaru gifted it to you on level 10 of the Dungeon)

   It increases your rate of regeneration.
 U - a +1 pair of gloves of strength
 W - a +2 plate armour of cold resistance (worn)
 Y - a +2 pair of boots of stealth
Jewellery
 e - an uncursed ring of flight
 i - the ring "Fusyss" (right hand) {rF+ Str+3 Int+7}
   (You acquired it on level 2 of the Lair of Beasts)

   [ring of protection from fire]

   It affects your strength (+3).
   It affects your intelligence (+7).
   It protects you from fire.
 m - the ring "Ficyvo" (left hand) {Ice rPois Int+4 SInv}
   (You acquired it on level 1 of the Lair of Beasts)

   [ring of ice]

   It enhances your ice magic.
   It affects your intelligence (+4).
   It makes you vulnerable to fire.
   It protects you from cold.
   It protects you from poison.
   It lets you see invisible.
 I - an amulet of the gourmand (around neck)
 K - a +2 ring of strength
 N - an uncursed ring of protection from magic
Wands
 y - a wand of flame (58)
 E - a wand of digging (41)
 F - a wand of disintegration (54)
 H - a wand of iceblast (27)
Scrolls
 p - 2 scrolls of blinking
 q - 19 scrolls of teleportation
 t - 2 scrolls of remove curse
 z - a scroll of enchant armour
 M - 2 scrolls of silence
 Q - 6 scrolls of fog
 R - a scroll of enchant weapon
 S - 6 scrolls of magic mapping
 T - 9 scrolls of fear
Potions
 h - 5 potions of heal wounds
 j - 2 potions of brilliance
 n - 2 potions of berserk rage
 s - 5 potions of magic
 u - 3 potions of invisibility
 w - 3 potions of resistance
 x - a potion of haste
 A - a potion of cancellation
 X - 15 potions of curing
Miscellaneous
 g - a lightning rod (4/4)
Comestibles
 f - 49 rations


   Skills:
 + Level 18.8(18.0) Fighting
 - Level 16.0(15.1) Maces & Flails
 + Level 13.4(12.6) Throwing
 + Level 17.7(16.9) Armour
 + Level 15.6(14.8) Dodging
 - Level 15.0(14.2) Shields
 - Level 5.4(4.8) Invocations
 - Level 5.0(4.4) Evocations


You had 18 spell levels left.
You didn't know any spells.
Your spell library contained the following spells:

 Spells                   Type           Power        Failure   Level  Hunger
 Animate Skeleton         Necr           N/A          87%         1    ##.....
 Beastly Appendage        Tmut           #.....       87%         1    ##.....
 Confusing Touch          Hex            #.....       87%         1    ##.....
 Flame Tongue             Conj/Fire      #....        87%         1    ##.....
 Freeze                   Ice            #...         87%         1    ##.....
 Magic Dart               Conj           #...         87%         1    ##.....
 Pain                     Necr           #...         87%         1    ##.....
 Summon Small Mammal      Summ           #...         87%         1    ##.....
 Blink                    Tloc           N/A          95%         2    ###....
 Call Imp                 Summ           #.......     95%         2    ###....
 Searing Ray              Conj           #.....       95%         2    ###....
 Slow                     Hex            #.......     95%         2    ###....
 Sticks to Snakes         Tmut           #.......     95%         2    ###....
 Throw Flame              Conj/Fire      #.....       95%         2    ###....
 Throw Frost              Conj/Ice       #.....       95%         2    ###....
 Call Canine Familiar     Summ           #.......     99%         3    ####...
 Confuse                  Hex            #.......     99%         3    ####...
 Conjure Flame            Conj/Fire      #.......     99%         3    ####...
 Dazzling Spray           Conj/Hex       #.....       99%         3    ####...
 Gell's Gravitas          Tloc           #.........   99%         3    ####...
 Inner Flame              Hex/Fire       #.......     99%         3    ####...
 Mephitic Cloud           Conj/Pois/Air  #.......     99%         3    ####...
 Ozocubu's Armour         Chrm/Ice       #.......     99%         3    ####...
 Regeneration             Chrm/Necr      #.........   99%         3    ####...
 Spider Form              Tmut/Pois      #.........   99%         3    ####...
 Summon Guardian Golem    Hex/Summ       #.......     99%         3    ####...
 Vampiric Draining        Necr           #.........   99%         3    ####...
 Animate Dead             Necr           N/A          100%        4    #####..
 Cause Fear               Hex            #.........   100%        4    #####..
 Force Lance              Conj/Tloc      #.......     100%        4    #####..
 Fulminant Prism          Conj/Hex       #.........   100%        4    #####..
 Ice Form                 Ice/Tmut       #.......     100%        4    #####..
 Iskenderun's Mystic Bla  Conj           #.......     100%        4    #####..
 Petrify                  Tmut/Erth      #.......     100%        4    #####..
 Sticky Flame             Conj/Fire      #.......     100%        4    #####..
 Summon Ice Beast         Ice/Summ       #.......     100%        4    #####..
 Summon Lightning Spire   Summ/Air       #.......     100%        4    #####..
 Throw Icicle             Conj/Ice       #.......     100%        4    #####..
 Blade Hands              Tmut           #.........   100%        5    ######.
 Fireball                 Conj/Fire      #.........   100%        5    ######.
 Metabolic Englaciation   Hex/Ice        #.........   100%        5    ######.
 Silence                  Hex/Air        #.........   100%        5    ######.
 Yara's Violent Unravell  Hex/Tmut       #.........   100%        5    ######.
 Deflect Missiles         Chrm/Air       #.........   100%        6    #######
 Discord                  Hex            #.........   100%        8    #######


Dungeon Overview and Level Annotations

Branches:
Dungeon (15/15)            Temple (1/1) D:4            Lair (6/6) D:9
  Swamp (4/4) Lair:3        Snake (4/4) Lair:4        Slime (0/5) Lair:6
    Orc (2/2) D:9             Elf (0/3) Orc:2        Vaults (3/5) D:13
  Crypt (0/3) Vaults:2     Depths (0/5) D:15

Altars:
Ashenzari
Cheibriados
Dithmenos
Elyvilon
Fedhas
Gozag
Hepliaklqana
Kikubaaqudgha
Makhleb
Nemelex Xobeh
Okawaru
Qazlal
Ru
Sif Muna
Trog
Uskayaw
Vehumet
Wu Jian
Xom
Yredelemnul
Zin
The Shining One
Beogh
Jiyva

Shops:
D:4 *   D:9 !   D:13 [   Orc:1 (   Orc:2 :[(*   Snake:1 (

Annotations:
D:1 Done
D:2 Done
D:3 Done
D:4 Done
D:5 Done
D:6 Done
D:7 Done
D:8 Done
D:9 Done
D:10 Done
D:11 Done
D:12 Done
D:13 Done
D:14 Done
D:15 Done
Temple Done
Lair:1 Done
Lair:2 Done
Lair:3 Done
Lair:4 Done
Lair:5 Done
Lair:6 Done
Swamp:1 Done
Swamp:2 Done
Swamp:3 Done
Swamp:4 Done
Snake:1 Done
Snake:2 Done
Snake:3 Done
Snake:4 Done
Orc:2 Done
Vaults:1 Done


Innate Abilities, Weirdness & Mutations

You reflexively headbutt those who attack you in melee.
You have a pair of horns on your head.


Message History

Your headbutt misses the deep elf mage.
The deep elf mage is almost dead.
The deep elf mage gestures at you while chanting.
The lance of force misses you.
The Tzitzimitl calls on the powers of darkness!
The deep elf demonologist convulses!
Your body is wracked with pain!
* * * LOW HITPOINT WARNING * * *
The centaur warrior convulses!
The centaur convulses!
The Tzitzimitl gestures at you. The bolt of cold hits you! You resist.
* * * LOW HITPOINT WARNING * * *
There is an open door here.
You reach down and close the door.
A Hell Sentinel opens the door.
The Hell Sentinel gestures at you.
The sphere of damnation explodes!
The damnation engulfs you!
* * * LOW HITPOINT WARNING * * *
You hear a shout!
The Hell Sentinel gestures at you.
The sphere of damnation explodes!
The damnation engulfs you!
You die...

##.#.1ee....#
##.#.##......#
#.#.#.#......#
#.#2#1######### ##
#...#1#.# #. #####'######
## #......# #. #......# ##
#@.....# #. #......# ###
#......# #.. #......# #..
##########'##############''
...........(......)........
..........)................
...........................
.......[...................


You could see a Hell Sentinel, a Tzitzimitl and a shadow demon.

Vanquished Creatures
  A bone dragon (Swamp:4)
  Rupert (Lair:3)
  An Ice Fiend (IceCv)
  The ghost of Xiraoc the Spry, an adept MfGl of Okawaru (Vaults:1)
  Donald (Orc:2)
  9 nagarajas
  An orc warlord (Orc:2)
  A vault warden (Vaults:2)
  4 ironheart preservers
  5 very ugly things
  Nessos (Lair:5)
  A deep elf annihilator (Vaults:1)
  A minotaur (Lab)
  A fire dragon (Lair:6)
  2 spectral shadow dragons (Vaults:2)
  3 yaktaur captains
  10 hydras
  Harold (Lair:2)
  A rakshasa (Vaults:2)
  An ice dragon (Snake:3)
  6 vault guards
  24 naga warriors
  4 centaur warriors
  9 alligators
  A spectral fire giant (Vaults:2)
  A catoblepas (D:13)
  2 death knights
  2 dancing weapons (D:13)
  9 anacondas
  Erica (Lair:1)
  6 death yaks
  2 spectral humans (Vaults:2)
  3 ogre magi
  8 two-headed ogres
  2 orc high priests
  3 shock serpents
  Urug (Lair:3)
  12 spriggans
  Nergalle (Lair:3)
  3 deep elf knights
  15 naga sharpshooters
  2 salamander mystics
  4 skeletal warriors (Vaults:2)
  A spriggan druid (Swamp:4)
  5 unseen horrors
  A glowing orange brain (Vaults:2)
  2 deep elf archers
  15 naga ritualists
  6 swamp dragons
  3 shambling mangroves
  2 spectral hydras (Swamp:4)
  An ironbrand convoker (Vaults:2)
  6 orc knights
  3 phantasmal warriors (Swamp:4)
  4 orc sorcerers
  2 wizards
  22 mana vipers
  18 ugly things
  7 deep elf magi
  A wolf spider (Vaults:2)
  4 oklob plants
  13 salamanders
  A manticore (D:12)
  5 cyclopes
  2 ice statues (IceCv)
  34 black mambas
  5 guardian serpents
  40 naga magi
  3 vault sentinels
  22 spiny frogs
  6 elephants (Lair:4)
  4 swamp worm zombies (Swamp:4)
  5 rime drakes
  3 freezing wraiths
  2 hydra zombies (Swamp:4)
  8 komodo dragons
  3 anaconda simulacra (IceCv)
  3 kobold demonologists
  A tengu conjurer (D:15)
  7 yaktaurs (Vaults:1)
  2 golden dragon simulacra (IceCv)
  6 trolls
  A polar bear (Lair:5)
  12 ice devils (IceCv)
  A queen bee (Lair:2)
  10 tyrant leeches
  22 hornets
  2 spectral swamp dragons (Swamp:4)
  Prince Ribbit (D:9)
  A frost giant simulacrum (Vaults:2)
  12 hippogriffs
  4 bog bodies
  14 blink frogs
  6 dream sheep (Lair:4)
  3 alligator zombies (Swamp:4)
  21 slime creatures
  A meliai zombie (D:15)
  Sigmund (D:4)
  A dire elephant simulacrum (IceCv)
  A wraith (Vaults:2)
  4 wyverns
  A yak (shapeshifter) (Vaults:1)
  A vampire (D:14)
  4 basilisks
  An elf simulacrum (Vaults:2)
  39 yaks
  2 vampire mosquitoes (Swamp:4)
  3 human simulacra
  Menkaure (D:4)
  6 hungry ghosts
  10 insubstantial wisps (Swamp:4)
  74 nagas
  11 swamp worms
  A warg (D:9)
  2 harpy simulacra (IceCv)
  A soldier ant (D:13)
  4 acid dragons
  11 water moccasins
  2 hydra simulacra (IceCv)
  Duvessa (D:7)
  13 porcupines
  2 black bears
  6 swamp drakes
  4 ice beasts
  A sky beast (D:10)
  3 necrophages
  22 orc warriors
  8 phantoms
  5 swamp dragon zombies (Swamp:4)
  17 centaurs
  17 ogres
  24 wolves
  6 boggarts (Vaults:2)
  8 crocodiles
  2 big kobolds
  13 bullfrogs
  Dowan (D:7)
  A glowing shapeshifter simulacrum (Vaults:2)
  3 scorpions
  2 wyvern skeletons
  36 killer bees
  4 wights (D:7)
  A howler monkey (D:5)
  14 crimson imps
  A quasit (D:9)
  5 centaur skeletons
  5 hounds
  Crazy Yiuf (D:2)
  2 bullfrog skeletons
  6 jellies
  22 orc priests
  9 iguanas
  Jessica (D:3)
  Terence (D:3)
  18 orc wizards
  10 worker ants
  2 spectral swamp drakes (Swamp:4)
  A hound zombie (D:7)
  A hound skeleton (D:4)
  Robin (D:4)
  7 gnolls
  2 swamp drake zombies (Swamp:4)
  8 adders
  A shadow imp (D:12)
  18 oozes
  An adder zombie (D:7)
  3 adder skeletons
  3 worms
  3 dart slugs
  8 leopard geckos
  69 orcs
  10 bats
  6 giant cockroaches
  10 hobgoblins
  15 jackals
  4 quokkas
  2 ball pythons
  2 frilled lizards
  14 goblins
  A jackal zombie (D:5)
  18 kobolds
  A leopard gecko zombie (D:5)
  8 rats
  A fungus (Lair:2)
  5 plants
1258 creatures vanquished.

Vanquished Creatures (others)
  A yaktaur captain (Vaults:1)
  A centaur warrior (Vaults:2)
  A naga sharpshooter (Snake:4)
  A naga mage (Snake:4)
  A black mamba (Lair:5)
  A yaktaur (Vaults:1)
  A spriggan (Swamp:4)
  A naga (Snake:2)
  A water moccasin (Lair:5)
  A phantom (Swamp:4)
  A boggart (Vaults:2)
  An orc (Orc:2)
  6 fungi
  2 plants
20 creatures vanquished.

Grand Total: 1278 creatures vanquished

Notes
Turn   | Place    | Note
-------+----------+-------------------------------------------
     0 | D:1      | Malhgor the Minotaur Fighter began the quest for the Orb.
     0 | D:1      | Reached XP level 1. HP: 19/19 MP: 0/0
    41 | D:1      | Reached XP level 2. HP: 23/26 MP: 1/1
   511 | D:2      | Reached XP level 3. HP: 31/31 MP: 2/2
   792 | D:2      | Found a shimmering altar of Xom.
   799 | D:2      | Reached skill level 5 in Maces & Flails
   917 | D:2      | Found an opulent altar of Gozag.
   920 | D:2      | Found a snail-covered altar of Cheibriados.
   922 | D:2      | Found a stormy altar of Qazlal.
   922 | D:2      | Found an ancient bone altar of Kikubaaqudgha.
   922 | D:2      | Found a white marble altar of Elyvilon.
   923 | D:2      | Found an iron altar of Okawaru.
   924 | D:2      | Found a sacrificial altar of Ru.
   925 | D:2      | Found a sparkling altar of Nemelex Xobeh.
   927 | D:2      | Found a shadowy altar of Dithmenos.
   938 | D:2      | Became a worshipper of Warmaster Okawaru
  1217 | D:2      | Reached XP level 4. HP: 25/39 MP: 3/3
  1606 | D:2      | Found a runed door.
  1673 | D:2      | Noticed Crazy Yiuf
  1680 | D:2      | Paralysed by Crazy Yiuf for 5 turns
  1689 | D:2      | Killed Crazy Yiuf
  1689 | D:2      | Reached XP level 5. HP: 18/46 MP: 0/4
  2143 | D:3      | Noticed Terence
  2163 | D:3      | Killed Terence
  2163 | D:3      | Reached skill level 4 in Fighting
  2397 | D:3      | Noticed Jessica
  2463 | D:3      | Killed Jessica
  3040 | D:3      | Reached XP level 6. HP: 52/52 MP: 5/5
  3156 | D:4      | Noticed Menkaure
  3315 | D:4      | Killed Menkaure
  3315 | D:4      | Reached * piety under Okawaru
  3553 | D:4      | Found Cug Xenoy's General Store.
  3553 | D:4      | Noticed Robin
  3597 | D:4      | Killed Robin
  3617 | D:4      | Bought a potion of degeneration for 10 gold pieces
  3653 | D:5      | Entered Level 5 of the Dungeon
  3732 | D:4      | Found a staircase to the Ecumenical Temple.
  3749 | Temple   | Entered the Ecumenical Temple
  4008 | D:4      | Reached skill level 5 in Fighting
  4008 | D:4      | Reached skill level 5 in Armour
  4051 | D:4      | Reached skill level 5 in Shields
  4051 | D:4      | Reached XP level 7. HP: 61/61 MP: 6/6
  4085 | D:4      | Found a shimmering altar of Xom.
  4119 | D:4      | Noticed Sigmund
  4130 | D:4      | Killed Sigmund
  4130 | D:4      | Reached ** piety under Okawaru
  4169 | D:5      | Found a hide-covered altar of Uskayaw.
  4197 | D:5      | Noticed a hand axe
  4197 | D:5      | Noticed a dagger
  4351 | D:5      | Reached skill level 6 in Fighting
  4351 | D:5      | Reached XP level 8. HP: 70/70 MP: 7/7
  5103 | D:7      | Found a glowing silver altar of Zin.
  5662 | D:7      | Noticed Dowan
  5663 | D:7      | Noticed Duvessa
  5680 | D:7      | Killed Duvessa
  5680 | D:7      | Reached *** piety under Okawaru
  5684 | D:7      | Killed Dowan
  5684 | D:7      | Reached skill level 1 in Dodging
  5693 | D:7      | Reached skill level 7 in Fighting
  5983 | D:7      | Noticed a deep elf mage
  6039 | D:7      | Killed a deep elf mage
  6039 | D:7      | Reached XP level 9. HP: 20/79 MP: 8/8
  6475 | D:7      | Reached **** piety under Okawaru
  6837 | D:8      | Reached skill level 8 in Fighting
  7080 | D:9      | Noticed a troll
  7309 | D:9      | Killed a troll
  7309 | D:9      | Reached ***** piety under Okawaru
  7309 | D:9      | Reached XP level 10. HP: 63/90 MP: 9/9
  7352 | D:9      | Found a staircase to the Orcish Mines.
  7451 | D:8      | Reached skill level 10 in Maces & Flails
  7561 | D:9      | Reached skill level 5 in Dodging
  7667 | D:9      | Reached skill level 9 in Fighting
  7694 | D:9      | Found Ehastora's Distillery.
  7705 | D:9      | Noticed Prince Ribbit
  7731 | D:9      | Bought a potion of heal wounds for 75 gold pieces
  7731 | D:9      | Bought a potion of agility for 60 gold pieces
  7762 | D:9      | Killed Prince Ribbit
  7963 | D:9      | Noticed a death yak
  7992 | D:9      | Killed a death yak
  7992 | D:9      | Received a gift from Okawaru
  8009 | D:9      | Noticed a death yak
  8009 | D:9      | Noticed a death yak
  8009 | D:9      | Noticed a death yak
  8034 | D:8      | Killed a death yak
  8059 | D:9      | Found a staircase to the Lair.
  8099 | D:10     | Entered Level 10 of the Dungeon
  8160 | D:9      | Noticed a death yak
  8169 | D:9      | Noticed a death yak
  8178 | D:8      | Killed a death yak
  8178 | D:8      | Reached skill level 10 in Fighting
  8188 | D:8      | Killed a death yak
  8188 | D:8      | Reached XP level 11. HP: 32/101 MP: 10/10
  8365 | D:9      | HP: 2/101 [death yak (7)]
  8376 | D:9      | Killed a death yak
  8377 | D:9      | HP: 5/101 [death yak (12)]
  8384 | D:9      | Killed a death yak
  8418 | D:10     | Noticed a two-headed ogre
  8515 | D:10     | Killed a two-headed ogre
  8515 | D:10     | Reached ****** piety under Okawaru
  8515 | D:10     | Reached skill level 10 in Armour
  8515 | D:10     | Reached skill level 10 in Shields
  8841 | D:10     | Received a gift from Okawaru
  8841 | D:10     | Reached skill level 11 in Fighting
  8842 | D:10     | Got a pair of brightly glowing gloves {god gift}
  8848 | D:10     | Identified the -1 pair of gloves "Faufifo" {Regen+}
                  | (Okawaru gifted it to you on level 10 of the Dungeon)
  9649 | D:12     | Noticed a two-headed ogre
  9654 | D:12     | Killed a two-headed ogre
  9918 | D:11     | Noticed a purple ugly thing
  9942 | D:11     | Killed a purple ugly thing
 10259 | D:12     | Reached skill level 12 in Fighting
 10587 | D:12     | Reached skill level 1 in Throwing
 10598 | D:12     | Reached XP level 12. HP: 103/112 MP: 11/11
 11087 | D:12     | Received a gift from Okawaru
 11202 | D:13     | Noticed a centaur warrior
 11229 | D:13     | Killed a centaur warrior
 11247 | D:13     | Reached skill level 13 in Fighting
 11328 | D:13     | Found Unoyp's Armour Emporium.
 11354 | D:13     | Reached skill level 5 in Throwing
 11386 | D:13     | Bought a +1 hat for 198 gold pieces
 11460 | D:13     | Received a gift from Okawaru
 11462 | D:13     | Got a bloodstained morningstar {god gift}
 11463 | D:13     | Identified the +10 morningstar of Cycvus {drain, +Inv rC+
                  | Dex-2 Stlth+} (Okawaru gifted it to you on level 13 of the
                  | Dungeon)
 11473 | D:13     | Noticed a centaur warrior
 11490 | D:13     | Killed a centaur warrior
 11574 | D:13     | Found a gate to the Vaults.
 11740 | D:13     | Noticed a catoblepas
 11751 | D:13     | Killed a catoblepas
 12012 | D:14     | Noticed a death knight
 12024 | D:14     | Killed a death knight
 12188 | D:14     | Reached skill level 14 in Fighting
 12198 | D:15     | Entered Level 15 of the Dungeon
 12262 | D:15     | Found a labyrinth entrance.
 12269 | D:15     | Received a gift from Okawaru
 12275 | Lab      | Entered a labyrinth
 12316 | Lab      | Reached skill level 1 in Invocations
 12325 | Lab      | Reached XP level 13. HP: 124/124 MP: 11/13
 13908 | Lab      | Noticed a minotaur
 13915 | Lab      | Killed a minotaur
 14047 | D:15     | Reached skill level 5 in Invocations
 14325 | D:15     | Reached skill level 1 in Evocations
 14667 | D:15     | Reached skill level 5 in Evocations
 14990 | D:15     | Found a staircase to the Depths.
 15116 | D:14     | Received a gift from Okawaru
 15815 | Lair:1   | Entered Level 1 of the Lair of Beasts
 15815 | Lair:1   | Noticed Erica
 15825 | Lair:1   | Killed Erica
 15825 | Lair:1   | Received a gift from Okawaru
 15828 | Lair:1   | Got a pitted eveningstar {god gift}
 15850 | Lair:1   | Reached skill level 15 in Maces & Flails
 15856 | Lair:1   | Identified the +1 eveningstar "Raaseh" {freeze, -Tele rC++
                  | Dex+4} (Okawaru gifted it to you on level 1 of the Lair of
                  | Beasts)
 16446 | Lair:1   | Reached XP level 14. HP: 132/132 MP: 17/17
 16468 | Lair:1   | Identified a scroll of acquirement
 16475 | Lair:1   | Got a flickering bronze ring
 16477 | Lair:1   | Identified the ring "Ficyvo" {Ice rPois Int+4 SInv} (You
                  | acquired it on level 1 of the Lair of Beasts)
 16736 | Lair:2   | Received a gift from Okawaru
 16858 | Lair:2   | Noticed Harold
 16876 | Lair:2   | Killed Harold
 17743 | Lair:2   | Got a crude broad axe
 18184 | Lair:2   | Identified the cursed +3 broad axe "Qymadiosh" {antimagic,
                  | rPois} (You found it on level 2 of the Lair of Beasts)
 18257 | Lair:3   | Found a staircase to the Swamp.
 18322 | Lair:3   | Noticed Rupert
 18346 | Lair:3   | Killed Rupert
 18346 | Lair:3   | Received a gift from Okawaru
 18580 | Lair:3   | Noticed Nergalle
 18592 | Lair:3   | Killed Nergalle
 18650 | Lair:3   | Noticed Urug
 18664 | Lair:3   | Killed Urug
 19402 | Lair:4   | Found a staircase to the Snake Pit.
 19762 | Lair:4   | Received a gift from Okawaru
 20472 | Lair:5   | Noticed Nessos
 20483 | Lair:5   | Killed Nessos
 20607 | Lair:5   | Reached skill level 10 in Dodging
 20630 | Lair:6   | Entered Level 6 of the Lair of Beasts
 20943 | Lair:6   | Found a viscous altar of Jiyva.
 20943 | Lair:6   | Found a staircase to the Slime Pits.
 21248 | Lair:6   | Received a gift from Okawaru
 21284 | Lair:6   | Reached XP level 15. HP: 139/139 MP: 18/18
 21496 | Lair:6   | Received a gift from Okawaru
 22597 | Orc:1    | Entered Level 1 of the Orcish Mines
 22694 | Orc:1    | Found Mesosea's Antique Weapon Shop.
 22993 | Orc:2    | Entered Level 2 of the Orcish Mines
 22997 | Orc:2    | Noticed Donald
 23019 | Orc:2    | Killed Donald
 23246 | Orc:2    | Found a staircase to the Elven Halls.
 23732 | Orc:2    | Received a gift from Okawaru
 24022 | Orc:2    | Found a roughly hewn altar of Beogh.
 24027 | Orc:2    | Noticed an orc warlord
 24066 | Orc:2    | Killed an orc warlord
 24084 | Orc:2    | Found Paschuass's Antique Armour Shoppe.
 24092 | Orc:2    | Found Mimih's General Store.
 24198 | Orc:2    | Found Egigyshott's Book Shoppe.
 24380 | Orc:2    | Found Issiwnud's Antique Weapon Shoppe.
 24618 | Swamp:1  | Entered Level 1 of the Swamp
 24852 | Swamp:1  | Reached skill level 15 in Fighting
 25472 | Swamp:2  | Paralysed by a hornet for 3 turns
 25504 | Swamp:2  | Received a gift from Okawaru
 26357 | Swamp:3  | Reached XP level 16. HP: 146/149 MP: 19/19
 26385 | Swamp:4  | Entered Level 4 of the Swamp
 27402 | Swamp:4  | Received a gift from Okawaru
 28354 | Swamp:4  | Received a gift from Okawaru
 28457 | Swamp:4  | Noticed a bone dragon
 28490 | Swamp:4  | Killed a bone dragon
 28490 | Swamp:4  | Received a gift from Okawaru
 28631 | Swamp:4  | Got an ancient troll leather armour {god gift}
 28642 | Swamp:4  | Identified the +4 troll leather armour "Kewnecont" {-Cast
                  | rPois Regen+ rCorr Int+2} (Okawaru gifted it to you on
                  | level 4 of the Swamp)
 28736 | Swamp:4  | Got a decaying rune of Zot
 28965 | Snake:1  | Entered Level 1 of the Snake Pit
 29110 | Snake:1  | Found Uway's Antique Weapon Shoppe.
 29197 | Snake:1  | Reached skill level 16 in Fighting
 29316 | Snake:1  | Reached skill level 10 in Throwing
 29495 | Snake:1  | Found a snail-covered altar of Cheibriados.
 29871 | Snake:2  | Received a gift from Okawaru
 30052 | Snake:2  | Reached skill level 15 in Armour
 30052 | Snake:2  | Reached XP level 17. HP: 80/159 MP: 2/20
 30313 | Snake:2  | Reached skill level 15 in Shields
 30465 | Snake:3  | Found a frozen archway.
 30491 | IceCv    | Entered an ice cave
 30785 | IceCv    | Noticed an Ice Fiend
 30803 | IceCv    | Killed an Ice Fiend
 31373 | Snake:3  | Received a gift from Okawaru
 32249 | Snake:3  | Reached skill level 17 in Fighting
 32365 | Snake:4  | Entered Level 4 of the Snake Pit
 34067 | Snake:4  | Received a gift from Okawaru
 34127 | Snake:4  | Reached XP level 18. HP: 170/170 MP: 21/21
 34487 | Snake:4  | Received a gift from Okawaru
 34898 | Snake:4  | Reached skill level 18 in Fighting
 35001 | Snake:4  | Got a serpentine rune of Zot
 35602 | Lair:2   | Got a scorched silver ring
 35604 | Lair:2   | Identified the ring "Fusyss" {rF+ Str+3 Int+7} (You
                  | acquired it on level 2 of the Lair of Beasts)
 35780 | D:4      | Bought a scroll of enchant armour for 75 gold pieces
 35965 | Vaults:1 | Entered Level 1 of the Vaults
 36218 | Vaults:1 | Reached skill level 15 in Dodging
 36504 | Vaults:1 | Received a gift from Okawaru
 36537 | Vaults:1 | Received a gift from Okawaru
 37274 | Vaults:2 | Reached XP level 19. HP: 159/180 MP: 22/22
 37399 | Vaults:2 | Found a runed gate.
 37399 | Vaults:2 | Found a runed gate.
 37399 | Vaults:2 | Noticed Xiraoc's ghost (adept MfGl)
 37400 | Vaults:2 | Found a runed gate.
 37769 | Vaults:1 | Killed Xiraoc's ghost
 37769 | Vaults:1 | Received a gift from Okawaru
 37994 | Vaults:2 | Found a staircase to the Crypt.
 37994 | Vaults:2 | Found a basalt altar of Yredelemnul.
 37995 | Vaults:2 | Found an ancient bone altar of Kikubaaqudgha.
 38228 | Vaults:2 | Noticed a Tzitzimitl
 38245 | Vaults:2 | Killed from afar by a Hell Sentinel

Skill      XL: |  1  2  3  4  5  6  7  8  9 10 11 12 13 14 15 16 17 18 |
---------------+-------------------------------------------------------+-----
Maces & Flails | 3 4 5 6 7 9 10 11 12 15 16 | 16.0
Fighting       | 4 5 6 7 8 10 12 14 15 16 17 18 | 18.8
Armour         | 4 5 6 7 8 9 10 12 13 15 16 17 | 17.7
Shields        | 4 5 7 8 9 10 12 13 14 15 | 15.0
Dodging        | 2 4 6 7 10 11 12 14 15 | 15.6
Throwing       | 1 6 7 8 10 11 13 | 13.4
Invocations    | 2 5 |  5.4
Evocations     | 5 |  5.0

Action                   |  1- 3 |  4- 6 |  7- 9 | 10-12 | 13-15 | 16-18 | 19-21 || total
-------------------------+-------+-------+-------+-------+-------+-------+-------++-------
Melee: Flail             |    66 |       |       |       |       |       |       ||    66
       Headbutt          |    13 |    30 |    84 |   157 |   390 |   623 |    65 ||  1362
       Whip              |    15 |   135 |   344 |   223 |       |       |       ||   717
       Mace              |       |    61 |       |       |       |       |       ||    61
       War axe           |       |       |    66 |   343 |       |       |       ||   409
       Morningstar       |       |       |       |   111 |   234 |       |    58 ||   403
       Eveningstar       |       |       |       |       |  1220 |  2012 |   208 ||  3440
Throw: Javelin           |       |       |       |       |    29 |    84 |       ||   113
       Tomahawk          |       |       |       |       |       |    28 |       ||    28
Invok: Heroism           |       |       |     1 |       |     1 |       |       ||     2
       Finesse           |       |       |       |     1 |     1 |     3 |       ||     5
 Abil: Evoke Invisibilit |       |       |       |       |     1 |       |       ||     1
Evoke: Wand              |       |       |       |       |     3 |     1 |     1 ||     5
  Use: Scroll            |       |     8 |     1 |     8 |    16 |     8 |       ||    41
       Potion            |       |       |     1 |     3 |       |     1 |       ||     5
 Stab: Petrified         |       |       |       |     2 |       |       |       ||     2
       Invisible         |       |       |       |       |     2 |       |       ||     2
       Confused          |       |       |       |       |       |     2 |       ||     2
       Distracted        |       |       |       |       |       |     1 |       ||     1
  Eat: Chunk             |     1 |     9 |    11 |    32 |    50 |    34 |     4 ||   141
       Ration            |       |       |       |       |     2 |     1 |       ||     3
Armor: Scale mail        |    44 |    36 |       |       |       |       |       ||    80
       Plate armour      |       |    90 |   141 |   331 |   468 |   566 |    75 ||  1671
Dodge: Dodged            |    40 |    76 |    65 |   172 |   393 |   792 |    70 ||  1608
Block: Shield            |       |       |   177 |   398 |   910 |  1593 |   169 ||  3247
       Reflection        |       |       |       |       |       |   132 |    11 ||   143
